 Dungeon Crawl Stone Soup version 0.28-a0-1447-ga5a8893891 (webtiles) character file.

Game seed: 2380991926799865778

40 lunkers the Covert (level 3, -4/19 HPs)
             Began as a Spriggan Delver on Jan 11, 2022.
             Slain by a black bear (11 damage)
             ... on level 5 of the Dungeon.
             The game lasted 00:02:13 (407 turns).

lunkers the Covert (Spriggan Delver)                 Turns: 407, Time: 00:02:14

Health: -4/19      AC:  2    Str:  8    XL:     3   Next: 30%
Magic:  4/4        EV: 17    Int: 13    God:
Gold:   23         SH:  0    Dex: 16    Spells: 2/2 levels left

rFire   . . .      SeeInvis +   a - +0 short sword
rCold   . . .      Faith    .   (no shield)
rNeg    . . .      Spirit   .   b - +0 robe
rPois   .          Reflect  .   (helmet restricted)
rElec   .          Harm     .   (no cloak)
rCorr   .          Rampage  .   (gloves unavailable)
Will    .....                   (boots unavailable)
Stlth   ++++......              (no amulet)
HPRegen 0.06/turn               (no ring)
MPRegen 0.09/turn               (no ring)

@: very quick
A: very small, no large weapons, unfitting armour, see invisible, speed 3
a: no special abilities


You were on level 5 of the Dungeon.
You visited 1 branch of the dungeon, and saw 1 of its levels.

You collected 23 gold pieces.

Inventory:

Hand Weapons
 a - a +0 short sword (weapon)
Armour
 b - a +0 robe (worn)
Wands
 g - a wand of digging (2)
Scrolls
 c - a scroll of fog
 d - a scroll of magic mapping
 e - a scroll of fear
Potions
 f - a potion of haste
 h - a potion of attraction {unknown}
 i - a potion of heal wounds {unknown}
 j - 2 potions of invisibility {unknown}


   Skills:
 - Level 2.4 Fighting
 + Level 3.3 Short Blades
 - Level 2.6 Dodging
 + Level 8.1 Stealth


You had 2 spell levels left.
You didn't know any spells.
Your spell library contained the following spells:

 Spells                   Type           Power      Damage    Failure   Level
 Ignite Poison            Fire/Tmut/Pois 0%         N/A       67%         3
 Mephitic Cloud           Conj/Pois/Air  0%         N/A       67%         3
 Freezing Cloud           Conj/Ice/Air   0%         6-21      100%        5


Dungeon Overview and Level Annotations

Branches:
Dungeon (5/15)
 Temple: D:4-7

Altars:


Innate Abilities, Weirdness & Mutations

You are very small and have problems with some larger weapons.
You are too small for most types of armour.
You have supernaturally acute eyesight. (SInv)
You cover ground extremely quickly. (Speed+++)


Message History

The helpless howler monkey fails to defend itself.
You impale the howler monkey!!
You kill the howler monkey!
Your Short Blades skill increases to level 3!
Your Stealth skill increases to level 8!
You have reached level 2!
You have reached level 3!
Your experience leads to an increase in your attributes!
Increase (S)trength, (I)ntelligence, or (D)exterity?
You feel clever. x2
i - a yellow potion A centaur zombie is nearby!
Found a stone staircase leading down.
You now have 23 gold pieces (gained 11).
j - 2 smoky green potions A black bear comes into view.
The helpless black bear fails to defend itself.
You impale the black bear!!
The black bear is almost dead.
The black bear goes berserk!
You barely miss the black bear.
The black bear is almost dead.
The black bear misses you. The black bear barely misses you.
The black bear claws you.
You hit the black bear.
The black bear is almost dead.
The black bear bites you.
* * * LOW HITPOINT WARNING * * *
The black bear claws you.
* * * LOW HITPOINT WARNING * * *
The black bear claws you.
* * * LOW HITPOINT WARNING * * *
Okay, then.
You hear an angry growl.
The black bear rages.
The black bear rages.
The black bear rages.
The black bear bites you!
Ouch! That really hurt!
You die...

#................#
............>....#
#.##.##..#.......#
#.##.##..#.......#
#.##.##..#.......#
#.##.##..#.......#
#.##.##..#.......#
#.##.##..#.....h.#
#.##.##..#......@#
# ..... #.......#
# #.##.##.......#
####.##......###.#
.............# #.#
####.###.....# #.#
.............# #.#
...#.###....####.#
.#.#.# #.........#


You could see a black bear (berserk).

Vanquished Creatures
  A howler monkey (D:5)
1 creature vanquished.

Notes
Turn   | Place    | Note
-------+----------+-------------------------------------------
     0 | D:5      | lunkers the Spriggan Delver began the quest for the Orb.
     0 | D:5      | Reached XP level 1. HP: 11/11 MP: 2/2
   248 | D:5      | Noticed a howler monkey
   250 | D:5      | Killed a howler monkey
   251 | D:5      | Reached skill level 8 in Stealth
   251 | D:5      | Reached XP level 2. HP: 16/16 MP: 3/3
   251 | D:5      | Reached XP level 3. HP: 19/19 MP: 4/4
   376 | D:5      | Noticed a black bear
   407 | D:5      | Slain by a black bear

Illustrated notes

Levels and vault maps discovered:
D:5:      layout_basic

Skill      XL: |  1 |
---------------+----+-----
Short Blades   | 3 |  3.3
Stealth        | 8 |  8.1
Fighting       | |  2.4
Dodging        | |  2.6

Action                   || total
-------------------------++-------
Melee: Short sword       ||     7
Evoke: Wand              ||     1
 Stab: Sleeping          ||     2
Dodge: Dodged            ||     4

Table legend: (Time is in decaauts)
 A = Elapsed time spent in this place.
 B = Non-inter-level travel time spent in this place.
 C = Inter-level travel time spent in this place.
 D = Time resting spent in this place.
 E = Time spent auto-exploring this place.
 F = Levels seen in this place.
 G = Mean time per level.
                   A        B        C        D        E       F      G
               +--------+--------+--------+--------+--------+-----+--------+
         Total |    279 |    279 |      0 |      0 |    163 |   1 |  279.0 |
       Dungeon |    279 |    279 |      0 |      0 |    163 |   1 |  279.0 |
               +--------+--------+--------+--------+--------+-----+--------+

Top non-repeatable levels by time:
     D:5: 279 daAuts
